 Dungeon Crawl Stone Soup version 0.27-a0-1188-g73eefd5def (webtiles) character file.

Game seed: 12264854308273961050

16 freelancePsychic the Ruffian (level 2, 0/20 (24) HPs)
             Began as a Draconian Transmuter on May 21, 2021.
             Slain by a necrophage (3 damage)
             ... on level 1 of the Dungeon.
             The game lasted 00:01:31 (1353 turns).

freelancePsychic the Ruffian (Draconian Transmuter) Turns: 1353, Time: 00:01:32

HP:   0/20 (24)     AC:  4    Str: 12    XL:     2   Next: 41%
MP:   5/5           EV: 12    Int: 13    God:
Gold: 55            SH:  0    Dex: 11    Spells: 4/5 levels left

rFire    . . .     SeeInvis .     - Unarmed
rCold    . . .     Faith    .   (no shield)
rNeg     . . .     Spirit   .   (armour unavailable)
rPois    .         Reflect  .   (helmet restricted)
rElec    .         Harm     .   (no cloak)
rCorr    .         Rampage  .   (no gloves)
Will     .....                  (no boots)
Stlth    +.........             (no amulet)
HPRegen  0.06/turn              (no ring)
MPRegen  0.09/turn              (no ring)

@: heavily drained
A: AC +4, unfitting armour, cold-blooded
a: no special abilities


You were on level 1 of the Dungeon.
You visited 1 branch of the dungeon, and saw 2 of its levels.

You collected 55 gold pieces.

Inventory:

Magical Staves
 d - a staff of conjuration
Jewellery
 e - a ring of fire
Scrolls
 b - a scroll of noise
Potions
 f - a potion of curing {unknown}
 g - a potion of cancellation {unknown}


   Skills:
 + Level 1.8 Fighting
 - Level 1.7 Dodging
 + Level 3.2 Unarmed Combat
 - Level 2.0 Spellcasting
 + Level 2.4 Transmutations


You had 4 spell levels left.
You knew the following spells:

 Your Spells              Type           Power      Damage    Failure   Level
a - Beastly Appendage     Tmut           14%        N/A       10%         1

Your spell library contained the following spells:

 Spells                   Type           Power      Damage    Failure   Level
 Wereblood                Tmut           7%         N/A       14%         2
 Summon Small Mammal      Summ           4%         N/A       26%         1
 Call Imp                 Summ           1%         N/A       36%         2
 Spider Form              Tmut/Pois      2%         N/A       43%         3
 Call Canine Familiar     Summ           1%         N/A       58%         3
 Summon Guardian Golem    Hex/Summ       1%         N/A       58%         3
 Ice Form                 Ice/Tmut       4%         N/A       83%         4
 Summon Ice Beast         Ice/Summ       1%         N/A       94%         4
 Summon Lightning Spire   Summ/Air       1%         N/A       94%         4
 Hydra Form               Tmut           3%         N/A       95%         5


Dungeon Overview and Level Annotations

Branches:
Dungeon (2/15)

Altars:


Innate Abilities, Weirdness & Mutations

Your plain brown scales are hard. (AC +4)
You cannot fit into any form of body armour.
You are cold-blooded and may be slowed by cold attacks.


Message History

You closely miss the necrophage. Your punch misses the necrophage.
The necrophage is moderately damaged.
The necrophage hits you.
You feel drained.
You are too injured to fight recklessly!
You are too injured to fight recklessly!
You are too injured to fight recklessly!
You are too injured to fight recklessly!
You are too injured to fight recklessly!
You are too injured to fight recklessly!
You are too injured to fight recklessly!
You are too injured to fight recklessly!
You are too injured to fight recklessly!
You are too injured to fight recklessly!
You are too injured to fight recklessly!
You are too injured to fight recklessly!
You are too injured to fight recklessly!
You are too injured to fight recklessly!
You are too injured to fight recklessly!
You are too injured to fight recklessly!
You are too injured to fight recklessly!
You are too injured to fight recklessly!
The necrophage closely misses you.
Found a stone staircase leading down.
An adder comes into view.
The adder hisses angrily.
There is a stone staircase leading up here.
The necrophage barely misses you.
You climb upwards.
There is a stone staircase leading down here.
The necrophage hits you. The necrophage hits you!
* * * LOW HITPOINT WARNING * * *
As you read the scroll labelled XOHEOZXOSEC, it crumbles to dust.
It is a scroll of identify.
b - a scroll of noise The necrophage barely misses you.
As you read the scroll labelled SUYWOSE AJUXED, it crumbles to dust.
The scroll dissolves into smoke.
It was a scroll of fog.
The necrophage hits you.
You die...

#.##.....#.#.# #...#.[.#.#
###.##...###.#.###.#####.#.#
....##...# #.#.....# #...#.#
######...# #.###.#####.###.# ...#
#...# #...#...#...###.#
##.###...#####.###+#.###.#.#
...........# #.§§#.#..<#.#.#
##.#######.#####§#.#####.#.# #.#
###.#...#@#...# #.#.######
##.#####.#.#.#.#n###.###.#..†....
...#.....#...#.§§§.#.....#.######
####.###.#.#######.###.##### #
#.# #.#########.###.##########
#.# #.........................
#.# #################.)#######
#.# #.......# #.# ##.####.#


You could see a necrophage.

Vanquished Creatures
  A dart slug (D:1)
  A giant cockroach (D:1)
  3 goblins
  A hobgoblin (D:1)
  A quokka (D:1)
  2 bats
  A kobold (D:1)
  4 rats (D:1)
14 creatures vanquished.

Notes
Turn   | Place    | Note
-------+----------+-------------------------------------------
     0 | D:1      | freelancePsychic the Draconian Transmuter began the quest
                  | for the Orb.
     0 | D:1      | Reached XP level 1. HP: 16/16 MP: 3/3
   539 | D:1      | Reached XP level 2. HP: 18/23 MP: 5/5
  1280 | D:2      | Noticed a necrophage
  1320 | D:1      | HP: 1/20 [necrophage (7)]
  1353 | D:1      | Slain by a necrophage

Illustrated notes

Levels and vault maps discovered:
D:1:      elethiomel_arrival_maze, layout_basic, roderic_malta_cross
D:2:      layout_basic, minmay_statues_item

Action                   || total
-------------------------++-------
Melee: Unarmed           ||    40
       Tailslap          ||     2
  Use: Scroll            ||     2
Armor: Skin              ||     3
Dodge: Dodged            ||    23

Table legend: (Time is in decaauts)
 A = Elapsed time spent in this place.
 B = Non-inter-level travel time spent in this place.
 C = Inter-level travel time spent in this place.
 D = Time resting spent in this place.
 E = Time spent auto-exploring this place.
 F = Levels seen in this place.
 G = Mean time per level.
                   A        B        C        D        E       F      G
               +--------+--------+--------+--------+--------+-----+--------+
         Total |   1350 |   1293 |     57 |      0 |   1125 |   2 |  675.0 |
       Dungeon |   1350 |   1293 |     57 |      0 |   1125 |   2 |  675.0 |
               +--------+--------+--------+--------+--------+-----+--------+

Top non-repeatable levels by time:
     D:1: 1185 daAuts
     D:2: 165 daAuts
